[Event "EIWCC 2017"]
[Site "Riga"]
[Date "2017.04.15"]
[Round "5"]
[White "Narva, Mai"]
[Black "Beydullayeva, Govhar"]
[Result "0-1"]
[ECO "B92"]
[WhiteElo "2249"]
[BlackElo "2054"]
[Annotator "NA"]
[PlyCount "74"]
[EventDate "2017.??.??"]
[EventType "swiss"]
[EventCountry "LAT"]
[SourceTitle "playchess.com"]
[Source "ChessBase"]
[SourceQuality "1"]
[TimeControl "40/5400+30:1800+30"]

1. e4 c5 2. Nf3 d6 3. d4 cxd4 4. Nxd4 Nf6 5. Nc3 a6 6. Be2 e5 7. Nb3 Be7 8. O-O O-O 9. a4 Nc6 10. Be3 Be6 11. Bf3 Nb4 12. a5 Rc8 13. Bb6 Qd7 14. Re1 Bd8 15. Bxd8 Rfxd8 16. Qe2 Bc4 17. Qd2 Qe6 18. Ra3 d5 19. exd5 Nbxd5 20. Nxd5 Bxd5 21. Bxd5 Rxd5 22. Qe2 Qc6 23. c3 Re8 24. Nd2 Nd7 25. c4 Rd4 26. Raa1 f5 27. h3 e4 28. b4 Ne5 29. b5 Qd7 30. Red1 Rd8 31. bxa6 bxa6 32. Ra2 Nxc4 33. Nxc4 Rxd1+ 34. Kh2 Qd3 35. Ne3 Qxe2 36. Rxe2 R1d2 37. Rxd2 Rxd2 0-1

[Event "EIWCC 2017"]
[Site "Riga"]
[Date "2017.04.15"]
[Round "5"]
[White "Komiagina, Maria"]
[Black "Balajayeva, Khanim"]
[Result "1/2-1/2"]
[ECO "C45"]
[WhiteElo "2247"]
[BlackElo "2196"]
[Annotator "NA"]
[PlyCount "82"]
[EventDate "2017.??.??"]
[EventType "swiss"]
[EventCountry "LAT"]
[SourceTitle "playchess.com"]
[Source "ChessBase"]
[SourceQuality "1"]
[TimeControl "40/5400+30:1800+30"]

1. e4 e5 2. Nf3 Nc6 3. d4 exd4 4. Nxd4 Nf6 5. Nxc6 bxc6 6. e5 Qe7 7. Qe2 Nd5 8. c4 Nb6 9. Nd2 Qe6 10. g3 a5 11. Bg2 Bb4 12. O-O Bxd2 {[%emt 0:08:24] LiveBook: 3 Games} 13. Bxd2 Qxc4 14. Qh5 Nd5 15. Rfe1 Ne7 {[%emt 0:09:47] [#]} 16. Qg5 $16 (16. e6 $1 $18 {Threatens to win with Qxf7+.} dxe6 17. Qg5) 16... Ng6 17. Rac1 Qxa2 18. f4 h6 19. Qh5 Ne7 20. f5 Qxb2 21. Bc3 Qb5 22. Kh1 Bb7 23. e6 O-O-O 24. Qxf7 Nxf5 25. Rb1 Qc5 26. Be5 Rhf8 27. exd7+ Rxd7 28. Qb3 Qb4 29. Qe6 Qe7 30. Qc4 Nd6 31. Qa4 Rf5 32. Bf4 Rb5 33. Rbc1 Qf7 34. Bxd6 Rxd6 35. Rf1 Qe7 36. Rce1 Re5 37. Rxe5 Qxe5 38. Rf8+ Kd7 39. Rf1 Kc8 40. Rf8+ Kd7 41. Rf1 Kc8 1/2-1/2

[Event "EIWCC 2017"]
[Site "Riga"]
[Date "2017.04.15"]
[Round "5"]
[White "Abdulla, Khayala"]
[Black "Melia, Salome"]
[Result "1/2-1/2"]
[ECO "B34"]
[WhiteElo "2241"]
[BlackElo "2400"]
[Annotator "ChessBase"]
[PlyCount "128"]
[EventDate "2017.??.??"]
[EventType "swiss"]
[EventCountry "LAT"]
[SourceTitle "playchess.com"]
[Source "ChessBase"]
[SourceQuality "1"]
[TimeControl "40/5400+30:1800+30"]

1. e4 c5 2. Nf3 Nc6 3. d4 cxd4 4. Nxd4 Nf6 5. Nc3 e5 6. Ndb5 d6 7. Nd5 Nxd5 8. exd5 Nb8 9. c4 Be7 10. Be2 O-O 11. O-O Bd7 12. Nc3 f5 13. f4 Bf6 14. Kh1 Na6 15. Be3 Nc5 16. b4 exf4 17. Bd4 Ne4 18. Nxe4 Bxd4 19. Qxd4 fxe4 20. Qxe4 Qf6 21. c5 Rae8 22. Qc4 Kh8 23. Bf3 g5 24. c6 Bc8 25. cxb7 Bxb7 26. Rae1 Bc8 27. Rxe8 Rxe8 28. Bh5 Rf8 29. h3 Qe5 30. Bf3 Bf5 31. Qa6 Rf7 32. Qc6 Kg7 33. Qc1 Re7 34. Qd2 Kg6 35. Qd1 Qc3 36. Bh5+ Kh6 37. h4 Qxb4 38. hxg5+ Kxg5 39. Bf3 Qc3 40. Rg1 Kf6 41. Qa4 Qe5 42. g3 Be4 43. Qxe4 Qxe4 44. Bxe4 Rxe4 45. gxf4 Rd4 46. Kg2 Rxd5 47. Kf3 Ra5 48. Rd1 Ke6 49. Rd2 h5 50. Kg3 Rf5 51. Re2+ Kd7 52. Kf3 Rf7 53. Rh2 Rf5 54. Rg2 Ra5 55. Ke4 Ke6 56. Rg6+ Ke7 57. Rh6 Rxa2 58. Rh7+ Kf6 59. Rh6+ Kf7 60. Rxd6 Ra4+ 61. Kf5 Ra5+ 62. Ke4 Ra4+ 63. Kf5 Ra5+ 64. Ke4 Ra4+ 1/2-1/2

[Event "EIWCC 2017"]
[Site "Riga"]
[Date "2017.04.15"]
[Round "5"]
[White "Drljevic, Ljilja"]
[Black "Erneste, Inguna"]
[Result "1-0"]
[ECO "A00"]
[WhiteElo "2237"]
[BlackElo "2168"]
[Annotator "NA"]
[PlyCount "69"]
[EventDate "2017.??.??"]
[EventType "swiss"]
[EventCountry "LAT"]
[SourceTitle "playchess.com"]
[Source "ChessBase"]
[SourceQuality "1"]
[TimeControl "40/5400+30:1800+30"]

1. g3 d5 2. Bg2 Nf6 3. Nf3 Nbd7 4. O-O e5 5. d3 Be7 6. Nbd2 O-O 7. e4 dxe4 8. dxe4 c6 9. b3 Qc7 10. Bb2 {[%emt 0:01:15] LiveBook: 6 Games} b5 11. a3 Re8 12. Nh4 $11 g6 13. Re1 Nc5 14. Nhf3 Nfd7 15. Nf1 a6 16. Ne3 f6 17. Nd2 Nf8 18. a4 Rb8 19. axb5 axb5 20. Bc3 Nb7 21. b4 Ne6 22. Qb1 Rd8 23. Qa2 Kg7 24. Qb2 Bd7 25. f4 exf4 26. Nf5+ gxf5 27. exf5 Qb6+ 28. Kh1 fxg3 29. fxe6 Bc8 30. Ne4 Rf8 31. Rf1 Bxe6 32. Bxf6+ Bxf6 33. Nxf6 Kh6 34. Qe5 Bf7 35. Ng4+ 1-0

[Event "EIWCC 2017"]
[Site "Riga"]
[Date "2017.04.15"]
[Round "5"]
[White "Toma, Katarzyna"]
[Black "Mammadova, Gulnar"]
[Result "0-1"]
[ECO "C00"]
[WhiteElo "2229"]
[BlackElo "2357"]
[Annotator "NA"]
[PlyCount "106"]
[EventDate "2017.??.??"]
[EventType "swiss"]
[EventCountry "LAT"]
[SourceTitle "playchess.com"]
[Source "ChessBase"]
[SourceQuality "1"]
[TimeControl "40/5400+30:1800+30"]

1. e4 e6 2. d3 c5 3. Nf3 d5 4. Nbd2 Nc6 5. g3 g6 6. Bg2 Bg7 7. O-O Nge7 8. Qe2 $11 {[%emt 0:02:18] LiveBook: 24 Games} b6 9. Re1 a5 10. e5 h6 11. Nf1 g5 12. h3 Ng6 13. c4 O-O 14. Ne3 Ncxe5 15. Nxe5 Nxe5 16. f4 gxf4 17. gxf4 Ng6 18. Ng4 f5 19. Ne5 Nxe5 20. fxe5 Bb7 21. Bf4 Qh4 22. Rf1 Rad8 23. Kh2 Rf7 24. Rad1 Rfd7 25. b3 dxc4 26. Bxb7 Rxb7 27. dxc4 Rbd7 28. Rd6 Rxd6 29. exd6 Qf6 30. Rg1 Kh7 31. Rxg7+ Qxg7 32. Qxe6 Qb2+ 33. Kh1 Qb1+ 34. Kh2 Qxa2+ 35. Kh1 Qb1+ 36. Kh2 Qc2+ 37. Kh1 Qe4+ 38. Qxe4 fxe4 39. Kg2 Kg6 40. Kf2 Kf5 41. Ke3 Rd7 42. Bh2 h5 43. Bf4 Ra7 44. Bh2 a4 45. bxa4 Rxa4 46. d7 Ra3+ 47. Ke2 Rd3 48. Bc7 Rxd7 49. Bxb6 Rd3 50. Bxc5 Rxh3 51. Be3 Ke5 52. c5 Kd5 53. Bg1 Rc3 0-1

[Event "EIWCC 2017"]
[Site "Riga"]
[Date "2017.04.15"]
[Round "5"]
[White "Gevorgyan, Maria"]
[Black "Bulmaga, Irina"]
[Result "0-1"]
[ECO "C11"]
[WhiteElo "2227"]
[BlackElo "2394"]
[Annotator "NA"]
[PlyCount "74"]
[EventDate "2017.??.??"]
[EventType "swiss"]
[EventCountry "LAT"]
[SourceTitle "playchess.com"]
[Source "ChessBase"]
[SourceQuality "1"]
[TimeControl "40/5400+30:1800+30"]

1. e4 e6 2. d4 d5 3. Nc3 Nf6 4. Bg5 dxe4 5. Nxe4 Be7 6. Bxf6 gxf6 7. f4 f5 8. Nf2 Qd6 9. Qd2 c5 10. Nf3 Nc6 11. O-O-O cxd4 12. Bb5 ({But not} 12. Nxd4 $2 Qxd4 13. Qxd4 Nxd4 14. Rxd4 Bc5 15. Bb5+ Ke7 $19) 12... Bd7 13. Rhg1 O-O-O 14. Bxc6 Bxc6 ({Don't do} 14... Qxc6 15. Nxd4 Qb6 16. g4 $15) 15. Nxd4 $17 Bf6 16. c3 Bxd4 17. Qxd4 Qxd4 18. cxd4 Rd7 19. Kc2 Rhd8 20. Kc3 Rc7 21. Kd3 Bd5 22. b3 Rd6 23. Rc1 Ra6 24. Rxc7+ Kxc7 25. Rc1+ Kd7 26. Rc2 Bxg2 27. Ke3 Rc6 28. Rxc6 Kxc6 29. Nd3 f6 30. Kf2 Be4 31. Nc5 Bd5 32. Nd3 b6 33. Nc1 Kb5 34. Ne2 Kb4 35. Ng3 Ka3 36. Nh5 Kxa2 37. Nxf6 Kxb3 0-1

[Event "EIWCC 2017"]
[Site "Riga"]
[Date "2017.04.15"]
[Round "5"]
[White "Semenova, Elena"]
[Black "Milliet, Sophie"]
[Result "1-0"]
[ECO "A57"]
[WhiteElo "2212"]
[BlackElo "2352"]
[Annotator "NA"]
[PlyCount "79"]
[EventDate "2017.??.??"]
[EventType "swiss"]
[EventCountry "LAT"]
[SourceTitle "playchess.com"]
[Source "ChessBase"]
[SourceQuality "1"]
[TimeControl "40/5400+30:1800+30"]

1. d4 c5 2. d5 Nf6 3. c4 b5 4. Qc2 g6 $14 {[%emt 0:01:29] LiveBook: 43 Games} 5. e4 Bg7 6. Nf3 O-O 7. cxb5 Bb7 8. Bd3 e6 9. O-O exd5 10. e5 Ne4 11. Nbd2 Nxd2 12. Bxd2 c4 13. Be2 a6 14. a4 Re8 15. Bc3 Qe7 16. b3 axb5 17. axb5 Rxa1 18. Rxa1 Qc5 19. Bd4 Qxb5 20. bxc4 Qc6 21. Qb3 Rc8 22. Rb1 Ba8 23. Be3 d4 24. Bxd4 Na6 25. Qe3 Nc7 26. Rb6 Qa4 27. Ng5 Bh6 28. e6 Nxe6 29. Rxe6 dxe6 30. Qe5 Kf8 31. Qh8+ Ke7 32. Qf6+ Kd6 33. Nxf7+ Kd7 34. Ne5+ Kd6 35. c5+ Kd5 36. Nc4 Qa7 37. Qe5+ Kc6 38. Qxe6+ Kb5 39. Nd6+ Kb4 40. Qc4+ 1-0

[Event "EIWCC 2017"]
[Site "Riga"]
[Date "2017.04.15"]
[Round "5"]
[White "Isgandarova, Khayala"]
[Black "Osmak, Iulija"]
[Result "0-1"]
[ECO "C11"]
[WhiteElo "2211"]
[BlackElo "2348"]
[Annotator "ChessBase"]
[PlyCount "46"]
[EventDate "2017.??.??"]
[EventType "swiss"]
[EventCountry "LAT"]
[SourceTitle "playchess.com"]
[Source "ChessBase"]
[SourceQuality "1"]
[TimeControl "40/5400+30:1800+30"]

1. e4 e6 2. d4 d5 3. Nc3 Nf6 4. e5 Nfd7 5. f4 c5 6. Nf3 Be7 7. Be2 Nc6 8. Be3 b6 9. Qd2 O-O 10. O-O f5 11. exf6 Nxf6 12. Bb5 Na5 13. Ne5 c4 14. Nc6 Nxc6 15. Bxc6 Rb8 16. f5 Qc7 17. Bf4 Bd6 18. Bxd6 Qxd6 19. Qf4 Rd8 20. fxe6 Bxe6 21. Qg5 Ng4 22. g3 Qxc6 23. h3 Nh6 0-1

[Event "EIWCC 2017"]
[Site "Riga"]
[Date "2017.04.15"]
[Round "5"]
[White "Paramzina, Anastasya"]
[Black "Houska, Jovanka"]
[Result "0-1"]
[ECO "B18"]
[WhiteElo "2202"]
[BlackElo "2397"]
[Annotator "ChessBase"]
[PlyCount "156"]
[EventDate "2017.??.??"]
[EventType "swiss"]
[EventCountry "LAT"]
[SourceTitle "playchess.com"]
[Source "ChessBase"]
[SourceQuality "1"]
[TimeControl "40/5400+30:1800+30"]

1. e4 c6 2. d4 d5 3. Nc3 dxe4 4. Nxe4 Bf5 5. Ng3 Bg6 6. h4 h6 7. h5 Bh7 8. Nf3 Nd7 9. Bd3 Bxd3 10. Qxd3 e6 11. Bd2 Ngf6 12. O-O-O Be7 13. Ne4 Nxe4 14. Qxe4 Nf6 15. Qd3 c5 16. Qb5+ Qd7 17. Qxd7+ Nxd7 18. Rhe1 Nf6 19. Rh1 cxd4 20. Nxd4 O-O-O 21. Nb5 Rd5 22. c4 Rc5 23. Nxa7+ Kb8 24. Nb5 Rxc4+ 25. Kb1 Rc5 26. a4 Nd5 27. f3 Rd8 28. g4 b6 29. Rc1 Kb7 30. Rhd1 Ra8 31. b3 Rd8 32. Be1 f5 33. Bd2 fxg4 34. fxg4 Rf8 35. Nd4 Nc7 36. b4 Rxc1+ 37. Kxc1 Rf2 38. b5 Bf6 39. Nc2 Nd5 40. Re1 Nf4 41. Kd1 e5 42. Nb4 Rg2 43. Bxf4 exf4 44. Nd5 Bg5 45. Re5 f3 46. Rf5 Rd2+ 47. Ke1 f2+ 48. Kf1 Bh4 49. Ne3 Ra2 50. Rf7+ Kc8 51. Rf4 Ra3 52. Nd1 Ra1 53. Ke2 Kd8 54. Nxf2 Ra2+ 55. Kf1 Bxf2 56. Rxf2 Rxa4 57. Rg2 Rb4 58. Rd2+ Ke7 59. Re2+ Kf6 60. Rf2+ Kg5 61. Rd2 Rf4+ 62. Ke2 Rxg4 63. Rd6 Kxh5 64. Rxb6 Rb4 65. Kf3 g5 66. Kg3 Rb3+ 67. Kg2 g4 68. Rb8 Kh4 69. b6 h5 70. b7 Rb2+ 71. Kf1 g3 72. Rc8 Rxb7 73. Rc5 Kg4 74. Kg2 Rb2+ 75. Kf1 h4 76. Rc1 h3 77. Kg1 h2+ 78. Kh1 Kh3 0-1

[Event "EIWCC 2017"]
[Site "Riga"]
[Date "2017.04.15"]
[Round "5"]
[White "Utiatskaja, Irina"]
[Black "Osmanodja, Filiz"]
[Result "1-0"]
[ECO "E46"]
[WhiteElo "2152"]
[BlackElo "2370"]
[Annotator "NA"]
[PlyCount "121"]
[EventDate "2017.??.??"]
[EventType "swiss"]
[EventCountry "LAT"]
[SourceTitle "playchess.com"]
[Source "ChessBase"]
[SourceQuality "1"]
[TimeControl "40/5400+30:1800+30"]

1. d4 Nf6 2. c4 e6 3. Nc3 Bb4 4. e3 O-O 5. Nge2 d5 6. a3 Be7 7. cxd5 exd5 8. Nf4 Re8 9. Bd3 Bd6 10. O-O Bxf4 11. exf4 Nc6 12. Be3 Ne7 13. Re1 Bf5 14. Bf1 c6 15. h3 h5 16. g3 Qd7 17. Kh2 Nc8 18. f3 Nd6 19. b3 Re7 20. Qd2 Rae8 21. Nd1 Qc7 22. Nf2 h4 23. g4 Bc2 24. Kg2 Bxb3 25. Qc3 Bc4 26. Bd2 Rxe1 27. Bxe1 Nb5 28. Qd2 Bxf1+ 29. Kxf1 Qb6 30. Rd1 Nxa3 31. Rc1 Qc7 32. Nd3 Nc4 33. Qf2 Qb6 34. Ne5 Nxe5 35. fxe5 Nd7 36. f4 Rc8 37. Kg2 c5 38. f5 Rc6 39. f6 gxf6 40. Qf5 Nf8 41. Bxh4 Qb2+ 42. Rc2 Qxd4 43. Re2 Ng6 44. Bxf6 Qd3 45. Rf2 Qe4+ 46. Kh2 Qxf5 47. gxf5 Nxe5 48. Bxe5 f6 49. Bf4 b5 50. Rg2+ Kh7 51. Re2 a5 52. Re7+ Kg8 53. Rb7 b4 54. Rb8+ Kf7 55. Rb7+ Ke8 56. h4 Rc8 57. Bd6 b3 58. h5 b2 59. h6 b1=Q 60. Rxb1 Kd7 61. Rb8 1-0

[Event "EIWCC 2017"]
[Site "Riga"]
[Date "2017.04.15"]
[Round "5"]
[White "Petrenko, Svetlana"]
[Black "Gvetadze, Sofio"]
[Result "1-0"]
[ECO "E32"]
[WhiteElo "2136"]
[BlackElo "2292"]
[Annotator "ChessBase"]
[PlyCount "137"]
[EventDate "2017.??.??"]
[EventType "swiss"]
[EventCountry "LAT"]
[SourceTitle "playchess.com"]
[Source "ChessBase"]
[SourceQuality "1"]
[TimeControl "40/5400+30:1800+30"]

1. d4 Nf6 2. c4 e6 3. Nc3 Bb4 4. Qc2 O-O 5. a3 Bxc3+ 6. Qxc3 Ne4 7. Qc2 f5 8. Nf3 d6 9. g3 Nd7 10. Bg2 Qe8 11. h4 h6 12. Be3 Ndf6 13. Nd2 e5 14. dxe5 Qxe5 15. Bf4 Qe7 16. Nxe4 Nxe4 17. h5 a5 18. a4 Bd7 19. Bf3 Bc6 20. Kf1 Nc5 21. Kg2 Rae8 22. e3 Bxf3+ 23. Kxf3 Qd7 24. Kg2 Rf7 25. Rhd1 Rf6 26. Rd5 Qf7 27. Rh1 b6 28. b3 Qd7 29. Rh4 Ne6 30. Be5 Rff8 31. Bb2 Ng5 32. Rf4 Re4 33. g4 Rxf4 34. exf4 Ne6 35. Rxf5 Nxf4+ 36. Kf3 Rxf5 37. gxf5 Nxh5 38. Qe4 Qf7 39. Qa8+ Kh7 40. Qe4 Nf6 41. Qe6 Qh5+ 42. Ke3 Qg5+ 43. Kd3 h5 44. Bd4 h4 45. f4 Qg3+ 46. Kc2 Qg2+ 47. Kc3 Ne4+ 48. Kd3 Qf3+ 49. Kc2 Qe2+ 50. Kc1 Qf1+ 51. Kc2 Qg2+ 52. Kd3 h3 53. Qf7 Qf3+ 54. Kc2 Qe2+ 55. Kc1 Qd2+ 56. Kb1 Qd1+ 57. Ka2 Qc2+ 58. Ka3 Qc1+ 59. Bb2 Qg1 60. Qh5+ Kg8 61. Qe8+ Kh7 62. Qxe4 h2 63. f6+ Kh6 64. f7 d5 65. Qe6+ Kh5 66. Qxd5+ g5 67. f8=Q h1=Q 68. Qxh1+ Qxh1 69. Qh8+ 1-0

[Event "EIWCC 2017"]
[Site "Riga"]
[Date "2017.04.15"]
[Round "5"]
[White "Vidruska, Renate"]
[Black "Badelka, Olga"]
[Result "0-1"]
[ECO "B32"]
[WhiteElo "2093"]
[BlackElo "2362"]
[Annotator "NA"]
[PlyCount "66"]
[EventDate "2017.??.??"]
[EventType "swiss"]
[EventCountry "LAT"]
[SourceTitle "playchess.com"]
[Source "ChessBase"]
[SourceQuality "1"]
[TimeControl "40/5400+30:1800+30"]

1. e4 c5 2. Nf3 Nc6 3. d4 cxd4 4. Nxd4 e5 5. Nb5 d6 6. a4 Be6 7. N1c3 a6 8. Na3 Rc8 9. Be3 Nf6 10. Be2 Be7 11. O-O O-O 12. Nc4 Nd4 13. Bxd4 Bxc4 14. Bxc4 Rxc4 15. Be3 Rb4 16. b3 Qc7 17. Nd5 Nxd5 18. exd5 Re4 19. Qd3 f5 20. a5 Rg4 21. f3 Rg6 22. Ra4 Bg5 23. Bb6 Qe7 24. Bf2 h5 25. Kh1 h4 26. Re1 Qf6 27. Qe2 Qf7 28. Rd1 e4 29. fxe4 h3 30. Rg1 fxe4 31. Qxe4 Qxf2 32. Qxg6 Qxg1+ 33. Kxg1 Be3+ 0-1

[Event "EIWCC 2017"]
[Site "Riga"]
[Date "2017.04.15"]
[Round "5"]
[White "Arda, Cagil Irmak"]
[Black "Travkina, Anastasia"]
[Result "1/2-1/2"]
[ECO "B54"]
[WhiteElo "2089"]
[BlackElo "2287"]
[Annotator "ChessBase"]
[PlyCount "36"]
[EventDate "2017.??.??"]
[EventType "swiss"]
[EventCountry "LAT"]
[SourceTitle "playchess.com"]
[Source "ChessBase"]
[SourceQuality "1"]
[TimeControl "40/5400+30:1800+30"]

1. e4 c5 2. Nf3 d6 3. d4 cxd4 4. Nxd4 Nf6 5. f3 e5 6. Nb3 a5 7. Be3 Be7 8. c4 O-O 9. Be2 a4 10. N3d2 Qa5 11. O-O Be6 12. Qc2 Nc6 13. Qc3 Rfc8 14. Qxa5 Nxa5 15. Na3 Nd7 16. Rac1 Nc5 17. Ndb1 Nd7 18. Nd2 Nc5 1/2-1/2

[Event "EIWCC 2017"]
[Site "Riga"]
[Date "2017.04.15"]
[Round "5"]
[White "Makka, Ioulia"]
[Black "Galojan, Lilit"]
[Result "0-1"]
[ECO "B86"]
[WhiteElo "2069"]
[BlackElo "2290"]
[Annotator "NA"]
[PlyCount "68"]
[EventDate "2017.??.??"]
[EventType "swiss"]
[EventCountry "LAT"]
[SourceTitle "playchess.com"]
[Source "ChessBase"]
[SourceQuality "1"]
[TimeControl "40/5400+30:1800+30"]

1. e4 c5 2. Nf3 e6 3. d4 cxd4 4. Nxd4 Nf6 5. Nc3 d6 6. Bc4 Qc7 7. Qe2 a6 $11 8. a3 Nc6 9. Nxc6 bxc6 10. O-O Be7 11. b3 O-O 12. Bb2 d5 13. Bd3 Bd6 14. h3 e5 15. Qf3 Be6 16. Rae1 Rfe8 17. g4 Qb7 18. g5 Nd7 19. Na4 Rf8 20. Qh5 f5 21. gxf6 Nxf6 22. Qh4 dxe4 23. Bxe4 Nxe4 24. Rxe4 Rf6 25. Bxe5 Rg6+ 26. Bg3 Qf7 27. Rd1 Bd5 28. Re3 Rf8 29. Rf1 Bxg3 30. Rxg3 Qf3 31. Kh2 Qg2+ 32. Rxg2 Rxg2+ 33. Kh1 Rgxf2+ 34. Kg1 Rg2+ 0-1

[Event "EIWCC 2017"]
[Site "Riga"]
[Date "2017.04.15"]
[Round "5"]
[White "Sinitsina, Anastassia"]
[Black "Golubenko, Valentina"]
[Result "0-1"]
[ECO "C10"]
[WhiteElo "2052"]
[BlackElo "2271"]
[Annotator "NA"]
[PlyCount "74"]
[EventDate "2017.??.??"]
[EventType "swiss"]
[EventCountry "LAT"]
[SourceTitle "playchess.com"]
[Source "ChessBase"]
[SourceQuality "1"]
[TimeControl "40/5400+30:1800+30"]

1. e4 e6 2. d4 d5 3. Nc3 Nc6 4. Nf3 Nf6 5. e5 Ne4 6. Bd3 Bb4 $11 {[%emt 0:01:04] LiveBook: 261 Games} 7. Bd2 Nxd2 8. Qxd2 f6 9. a3 Bxc3 10. Qxc3 O-O 11. O-O fxe5 12. Nxe5 Nxe5 13. dxe5 b6 14. b4 Rf4 15. g3 Rf8 16. f4 Qe7 17. b5 Bb7 18. Qd4 g6 19. a4 a5 20. Kg2 Rac8 21. Rab1 Rfd8 22. Kf2 Qf8 23. h4 Rd7 24. h5 gxh5 25. Rh1 Qc5 26. c3 Qa3 27. Rxh5 Qa2+ 28. Kf3 c5 29. bxc6 Rxc6 30. Rg5+ Kf8 31. Rxb6 Rxb6 32. Qxb6 d4+ 33. Kg4 Qd5 34. Qb1 dxc3 35. Bc2 Qg2 36. Bd1 c2 37. Qxc2 Bf3+ 0-1

[Event "EIWCC 2017"]
[Site "Riga"]
[Date "2017.04.15"]
[Round "5"]
[White "Otikova, Elina"]
[Black "Mamedjarova, Turkan"]
[Result "0-1"]
[ECO "C54"]
[WhiteElo "2049"]
[BlackElo "2267"]
[Annotator "ChessBase"]
[PlyCount "162"]
[EventDate "2017.??.??"]
[EventType "swiss"]
[EventCountry "LAT"]
[SourceTitle "playchess.com"]
[Source "ChessBase"]
[SourceQuality "1"]
[TimeControl "40/5400+30:1800+30"]

1. e4 e5 2. Nf3 Nc6 3. Bc4 Bc5 4. c3 Nf6 5. d3 d6 6. a4 a5 7. Na3 O-O 8. Nc2 Ba7 9. O-O Ne7 10. Ne3 c6 11. Bb3 Ng6 12. Nc4 h6 13. h3 Bb8 14. Re1 Re8 15. Be3 Bc7 16. d4 exd4 17. Bxd4 Nxe4 18. Ncd2 d5 19. Nxe4 dxe4 20. Nd2 Qd6 21. g3 e3 22. Rxe3 Rxe3 23. Bxe3 Bxh3 24. Qh5 Be6 25. Bc2 Qd5 26. Bxg6 fxg6 27. Qxg6 Bf5 28. Qh5 Rf8 29. Qh4 Re8 30. Qd4 Qf7 31. Re1 Qg6 32. Qh4 Bg4 33. Kg2 Bb6 34. Nf1 Bd8 35. Qh2 Qe4+ 36. Kg1 Qxa4 37. f4 Qb5 38. Qd2 Bb6 39. Kg2 Bc7 40. Nh2 Bf5 41. Nf3 Bg4 42. Bd4 Rxe1 43. Nxe1 Qd5+ 44. Kg1 Bf5 45. Qe2 c5 46. Bf2 Kh7 47. c4 Qc6 48. Nd3 b6 49. b3 a4 50. bxa4 Qxa4 51. g4 Qa1+ 52. Kg2 Qa8+ 53. Kg1 Qe4 54. Qxe4 Bxe4 55. Ne5 Bxe5 56. fxe5 Bd3 57. Kg2 Kg8 58. Kf3 Kf7 59. Ke3 Bxc4 60. Ke4 Ke6 61. g5 hxg5 62. Bg3 Bd5+ 63. Kd3 Kf5 64. e6 Kxe6 65. Bc7 b5 66. Bb6 Kd6 67. Bd8 g4 68. Bh4 Bf3 69. Be1 Kd5 70. Kc3 b4+ 71. Kb3 Bd1+ 72. Kb2 Ke4 73. Bf2 Kd5 74. Be1 Kc4 75. Bf2 Kb5 76. Kc1 Bf3 77. Kb2 c4 78. Kc1 c3 79. Kc2 Kc4 80. Bg3 Be4+ 81. Kc1 b3 0-1

[Event "EIWCC 2017"]
[Site "Riga"]
[Date "2017.04.15"]
[Round "5"]
[White "Kouvatsou, Maria"]
[Black "Stetsko, Lanita"]
[Result "0-1"]
[ECO "C50"]
[WhiteElo "2016"]
[BlackElo "2226"]
[Annotator "NA"]
[PlyCount "94"]
[EventDate "2017.??.??"]
[EventType "swiss"]
[EventCountry "LAT"]
[SourceTitle "playchess.com"]
[Source "ChessBase"]
[SourceQuality "1"]
[TimeControl "40/5400+30:1800+30"]

1. e4 e5 2. Nf3 Nc6 3. Bc4 Bc5 4. O-O Nf6 5. d3 d6 6. c3 O-O 7. b4 Bb6 8. a4 a5 9. b5 Ne7 10. Nbd2 c6 11. Ba2 Ng6 12. Nc4 Bc7 13. Re1 Re8 14. Ne3 $15 d5 15. exd5 cxd5 16. c4 d4 17. Nd5 Nxd5 18. cxd5 h6 19. Bc4 Bd6 20. Ra2 Bg4 21. h3 Bd7 22. Nh2 e4 23. Nf1 Rc8 24. Rc2 Bf5 25. Rce2 Nh4 26. Ng3 e3 27. Nxf5 Nxf5 28. fxe3 dxe3 29. g4 Qg5 30. Rg2 Nh4 31. Rc2 Qf4 32. Ree2 Qg3+ 33. Kh1 Qxh3+ 34. Rh2 Bxh2 35. Rxh2 Qf3+ 36. Qxf3 Nxf3 37. Re2 Ne5 38. d6 Rcd8 39. Rxe3 Nxc4 40. dxc4 Rxe3 41. Bxe3 Rxd6 42. c5 Rd3 43. Bf4 Rd4 44. Bd6 Rxa4 45. c6 bxc6 46. bxc6 Rc4 47. c7 a4 0-1

[Event "EIWCC 2017"]
[Site "Riga"]
[Date "2017.04.15"]
[Round "5"]
[White "Heinatz, Maria"]
[Black "Ambartsumova, Karina"]
[Result "0-1"]
[ECO "B07"]
[WhiteElo "1990"]
[BlackElo "2282"]
[Annotator "NA"]
[PlyCount "94"]
[EventDate "2017.??.??"]
[EventType "swiss"]
[EventCountry "LAT"]
[SourceTitle "playchess.com"]
[Source "ChessBase"]
[SourceQuality "1"]
[TimeControl "40/5400+30:1800+30"]

1. e4 d6 2. d4 Nf6 3. Nc3 Nbd7 4. Nf3 e5 5. Bc4 Be7 6. O-O O-O 7. Re1 a6 8. a4 b6 9. Bg5 c6 10. Qd2 Bb7 $14 11. Ba2 {[%emt 0:03:31] LiveBook: 5 Games} b5 12. Rad1 Qc7 13. Nh4 g6 14. Bh6 exd4 15. Qxd4 Rfe8 16. Bg5 c5 17. Qd2 b4 18. Nd5 Bxd5 19. Bxd5 Nxd5 20. exd5 Bf8 21. Bh6 Bxh6 22. Qxh6 Nf8 23. b3 Re7 24. Qg5 Rae8 25. Kf1 Re5 26. Qf6 Nd7 27. Qf3 Qb7 28. Rxe5 Rxe5 29. Rd3 Kg7 30. Qd1 Nf6 31. f4 Rxd5 32. Qf3 a5 33. g4 Qa6 34. g5 Ng4 35. Kg1 Rxd3 36. cxd3 Qc8 37. h3 c4 38. dxc4 Qc5+ 39. Kh1 Ne3 40. Ng2 Nf5 41. Ne1 Qd4 42. Nd3 Qc3 43. Qd5 Qxb3 44. Ne5 Qxh3+ 45. Kg1 Qg3+ 46. Kh1 Qe1+ 47. Kh2 Qf2+ 0-1

[Event "EIWCC 2017"]
[Site "Riga"]
[Date "2017.04.15"]
[Round "5"]
[White "Limanovska, Elizabete"]
[Black "Balaian, Alina"]
[Result "0-1"]
[ECO "C07"]
[WhiteElo "1990"]
[BlackElo "2229"]
[Annotator "NA"]
[PlyCount "78"]
[EventDate "2017.??.??"]
[EventType "swiss"]
[EventCountry "LAT"]
[SourceTitle "playchess.com"]
[Source "ChessBase"]
[SourceQuality "1"]
[TimeControl "40/5400+30:1800+30"]

1. e4 e6 2. d4 d5 3. Nd2 c5 4. exd5 Qxd5 5. Ngf3 cxd4 6. Bc4 Qd6 7. O-O Nf6 8. Nb3 Nc6 9. Nbxd4 Nxd4 10. Nxd4 a6 11. Bb3 Qc7 12. Re1 Bd6 13. Nf5 Bxh2+ 14. Kh1 O-O 15. Nxg7 Rd8 16. Qf3 Kxg7 17. Bh6+ Kg6 18. c3 Nh5 19. Re4 $11 {[%emt 0:27:20] LiveBook: 4 Games} (19. Bc1 $14 f5 20. g3 Bxg3 21. fxg3 (21. Rg1 $2 b5 22. Rxg3+ Nxg3+ 23. Qxg3+ Qxg3 24. fxg3 a5 $19)) 19... f5 $2 (19... Kxh6 $11 {and Black has nothing to worry.} 20. Rh4 Qe5 21. Rxh2 Bd7 22. Qxf7 Bc6) 20. Rh4 Nf6 21. Rxh2 Ng4 22. Rh3 Rd3 23. Bf4 Rxf3 24. Bxc7 Rxf2 25. Rd3 b5 26. Rd6 Rxb2 27. Bd5 Ra7 28. Bb6 Re7 29. Re1 Kh5 30. Bc6 e5 31. a4 bxa4 32. Bc5 Re6 33. Rxe6 Bxe6 34. Be8+ Kh4 35. Be7+ Kg3 36. Bc6 Bc4 37. Bf3 Nf2+ 38. Kg1 Nd3 39. Ra1 Rc2 0-1

[Event "EIWCC 2017"]
[Site "Riga"]
[Date "2017.04.15"]
[Round "5"]
[White "Gundogan, Sinem Cagla"]
[Black "Zaksaite, Salomeja"]
[Result "0-1"]
[ECO "B26"]
[WhiteElo "1885"]
[BlackElo "2262"]
[Annotator "NA"]
[PlyCount "66"]
[EventDate "2017.??.??"]
[EventType "swiss"]
[EventCountry "LAT"]
[SourceTitle "playchess.com"]
[Source "ChessBase"]
[SourceQuality "1"]
[TimeControl "40/5400+30:1800+30"]

1. e4 c5 2. Nc3 Nc6 3. g3 g6 4. Bg2 Bg7 5. d3 d6 6. Be3 e5 7. Nh3 Nge7 8. O-O O-O 9. f4 exf4 10. Nxf4 Ne5 {[%emt 0:00:20] LiveBook: 7 Games} 11. Nfd5 Nxd5 12. Nxd5 Ng4 13. Bc1 Be6 14. c3 Re8 15. h3 $11 Ne5 16. Bf4 Bxd5 17. exd5 Qb6 18. Qd2 Nxd3 19. Be3 Nxb2 20. Rab1 Nc4 21. Qf2 Qc7 22. Bd2 Nxd2 23. Qxd2 c4 24. Rf3 Re7 25. Kh2 Rae8 26. Bf1 Qc5 27. Rb4 b5 28. a4 a6 29. axb5 axb5 30. Qb2 Qxd5 31. Rf2 Re5 32. Bg2 Qc5 33. Qd2 Bh6 0-1